 Dungeon Crawl Stone Soup version 0.31-a0-986-g5e6e4ef867 (webtiles) character file.

Game seed: 5170901702991397016

211 NinjaNoafa the Conjurer (level 5, -1/32 (38) HPs)
             Began as a Gnoll Conjurer on Nov 19, 2023.
             Slain by an orc wizard
             ... wielding a +0 dagger
              (2 damage)
             ... on level 4 of the Dungeon.
             The game lasted 00:05:14 (2521 turns).

NinjaNoafa the Conjurer (Gnoll Conjurer)            Turns: 2521, Time: 00:05:15

HP:   -1/32 (38)    AC:  3    Str:  5    XL:     5   Next: 88%
MP:   6/12          EV:  9    Int: 24    God:
Gold: 244           SH:  0    Dex:  9    Spells: 10/14 levels left

rFire   . . .        a - +2 sling (flame)
rCold   . . .        (no shield)
rNeg    . . .        i - +0 leather armour
rPois   .            (helmet currently unavailable)
rElec   .            (cloak currently unavailable)
rCorr   .            (gloves currently unavailable)
SInv    .            (boots currently unavailable)
Will    .....        (no amulet)
Stlth   ++           q - ring of wizardry
HPRegen 0.25/turn    (no ring)
MPRegen 0.13/turn

%: wizardry (x1)
@: beast-form, very slightly contaminated, constricted, heavily drained
A: beast (slay +0), fangs 1, strong nose, distributed training, hooves 1, clever
1, evolution 1
a: Begin Untransformation


You were on level 4 of the Dungeon.
You were a hulking beast.
You visited 1 branch of the dungeon, and saw 4 of its levels.

You collected 244 gold pieces.

Inventory:

Hand Weapons
 a - a +2 sling of flaming (weapon)
 b - a +1 dagger of draining
Missiles
 g - 9 boomerangs
 m - 8 poisoned darts
 s - 5 javelins
Armour
 i - a +0 leather armour (worn)
Jewellery
 q - a ring of wizardry (left hand)
Talismans
 k - a beast talisman (active)
Scrolls
 c - 7 scrolls of teleportation {unknown}
 d - 4 scrolls of identify {unknown}
 e - a scroll of enchant armour {unknown}
 f - 2 scrolls of fear {unknown}
 h - a scroll of poison {unknown}
 l - a scroll of fog {unknown}
 n - a scroll of brand weapon {unknown}
 o - a scroll of torment {unknown}
Potions
 p - a potion of magic


   Skills:
 + Level 1.7 Fighting
 + Level 1.7 Short Blades
 + Level 1.7 Long Blades
 + Level 1.7 Axes
 + Level 1.7 Maces & Flails
 + Level 1.7 Polearms
 + Level 1.7 Staves
 + Level 1.7 Ranged Weapons
 + Level 1.7 Throwing
 + Level 1.7 Armour
 + Level 4.9 Dodging
 + Level 4.5 Stealth
 + Level 1.7 Shields
 + Level 1.7 Unarmed Combat
 + Level 5.2 Spellcasting
 + Level 7.2 Conjurations
 + Level 1.3 Hexes
 + Level 1.3 Summonings
 + Level 1.3 Necromancy
 + Level 1.3 Translocations
 + Level 1.3 Transmutations
 + Level 1.3 Fire Magic
 + Level 1.3 Ice Magic
 + Level 1.3 Air Magic
 + Level 1.3 Earth Magic
 + Level 1.3 Poison Magic
 + Level 1.9 Invocations
 + Level 1.7 Evocations
 + Level 1.5 Shapeshifting


You had 10 spell levels left.
You knew the following spells:

 Your Spells              Type           Power      Damage    Failure   Level
a - Magic Dart            Conj           100%       1d8       1%          1
b - Searing Ray           Conj           82%        2d7       1%          2
c - Kiss of Death         Conj/Necr      100%       2d13      1%          1

Your spell library contained the following spells:

 Spells                   Type           Power      Damage    Failure   Level
 Dazzling Flash           Conj/Hex       54%        N/A       2%          3
 Confusing Touch          Hex            12%        N/A       10%         3
 Tukima's Dance           Hex            12%        N/A       10%         3
 Fulminant Prism          Conj/Hex       13%        3d8       10%         4
 Iskenderun's Mystic Bla  Conj/Tloc      27%        2d7       10%         4
 Dimensional Bullseye     Hex/Tloc       6%         N/A       30%         4
 Dispel Undead            Necr           12%        3d9       30%         4
 Passage of Golubria      Tloc           12%        N/A       30%         4
 Yara's Violent Unravell  Hex/Tmut       6%         3d5       61%         5


Dungeon Overview and Level Annotations

Branches:
Dungeon (4/15) Zot: 21448  Temple (0/1) D:4

Altars:


Innate Abilities, Weirdness & Mutations

You are a hulking beast.
Your limbs bulge with bestial killing power. (Slay +0)
You have very sharp teeth.
Your uncanny sense of smell can sniff out nearby items.
Your experience applies equally to all skills.
You have large cloven feet.
Your mind is acute. (Int +4, Str/Dex -1)
You have hidden genetic potential.


Message History

The ball python constricts you. The orc closely misses you. Something hits you.
* * * LOW HITPOINT WARNING * * *
The orc wizard hits you but does no damage.
The ball python loses its grip on you.
You take 3 damage, and have 17/38 hp.
You now have 8/12 mp.
Unknown command.
The searing ray misses the orc wizard.
Something hits you but does no damage. The orc completely misses you.
The orc wizard barely misses you. The ball python bites you.
* * * LOW HITPOINT WARNING * * *
The ball python closely misses you. The ball python bites you.
* * * LOW HITPOINT WARNING * * *
The ball python barely misses you.
You take 4 damage, and have 13/38 hp.
You now have 7/12 mp.
Casting: Searing Ray (safe; 1% risk of failure)
Aiming: Kiss of Death (safe; 1% risk of failure)
Press: ? - help, Shift-Dir - straight line The negative energy hits something.
You feel drained. The orc hits you with a +0 dagger.
* * * LOW HITPOINT WARNING * * *
You hear some strange, mumbled words.
A magic dart appears from out of thin air!
The magic dart hits you.
* * * LOW HITPOINT WARNING * * *
The orc wizard hits you with a +0 dagger.
* * * LOW HITPOINT WARNING * * *
The ball python bites you but does no damage.
The ball python grabs you. The ball python constricts you.
The ball python bites you but does no damage.
You take 10 damage, and have 3/32 hp.
MASSIVE DAMAGE!!
You now have 6/12 mp.
Unknown command.
It was a potion of mutation.
You feel extremely strange.
You feel clever.
Your feet thicken and deform.
You feel a hidden potential growing inside you.
The ball python bites you.
* * * LOW HITPOINT WARNING * * *
The ball python constricts you. The ball python barely misses you.
Something hits you but does no damage. The orc closely misses you.
The orc wizard hits you with a +0 dagger.
You die...

... #......#. ~~†...
#........ §§~§...
#......#
>~§§...##......##..#
§~~§...#............
§§~.........<#.###.
~.................#
##.....S{o.......#
#.#......Sho)......!
#......)...#....#...
.......##g##....# ..
##...[. #..#...## #
##.... #..###..#
...... #.## ..#
....../ ... ..
.....## ..) ..... ##


You could see an orc wizard, an orc, a goblin and 2 ball pythons.

Vanquished Creatures
  A howler monkey (D:3)
  An orc priest (D:3)
  5 adders
  A worm (D:2)
  2 dart slugs
  4 orcs
  13 endoplasms
  4 giant cockroaches
  5 goblins
  8 hobgoblins
  2 jackals (D:1)
  3 kobolds
  5 quokkas
  2 ball pythons (D:1)
  6 bats
  3 frilled lizards (D:1)
  24 rats
89 creatures vanquished.

Notes
Turn   | Place    | Note
-------+----------+-------------------------------------------
     0 | D:1      | NinjaNoafa the Gnoll Conjurer began the quest for the Orb.
     0 | D:1      | Reached XP level 1. HP: 13/13 MP: 6/6
   295 | D:1      | Reached XP level 2. HP: 19/19 MP: 3/7
   434 | D:1      | Learned a level 2 spell: Searing Ray
   655 | D:1      | Reached skill level 5 in Spellcasting
   655 | D:1      | Reached XP level 3. HP: 25/25 MP: 4/9
   771 | D:1      | Reached skill level 1 in Invocations
  1055 | D:2      | Learned a level 1 spell: Kiss of Death
  1138 | D:2      | Reached skill level 1 in Fighting
  1138 | D:2      | Reached skill level 1 in Short Blades
  1138 | D:2      | Reached skill level 1 in Long Blades
  1138 | D:2      | Reached skill level 1 in Axes
  1138 | D:2      | Reached skill level 1 in Maces & Flails
  1138 | D:2      | Reached skill level 1 in Polearms
  1138 | D:2      | Reached skill level 1 in Staves
  1138 | D:2      | Reached skill level 1 in Ranged Weapons
  1138 | D:2      | Reached skill level 1 in Throwing
  1138 | D:2      | Reached skill level 1 in Armour
  1138 | D:2      | Reached skill level 1 in Shields
  1138 | D:2      | Reached skill level 1 in Unarmed Combat
  1138 | D:2      | Reached skill level 1 in Evocations
  1174 | D:2      | Reached XP level 4. HP: 29/29 MP: 6/11
  1236 | D:2      | Reached skill level 1 in Shapeshifting
  1699 | D:2      | Reached skill level 1 in Hexes
  1699 | D:2      | Reached skill level 1 in Summonings
  1699 | D:2      | Reached skill level 1 in Necromancy
  1699 | D:2      | Reached skill level 1 in Translocations
  1699 | D:2      | Reached skill level 1 in Transmutations
  1699 | D:2      | Reached skill level 1 in Fire Magic
  1699 | D:2      | Reached skill level 1 in Ice Magic
  1699 | D:2      | Reached skill level 1 in Air Magic
  1699 | D:2      | Reached skill level 1 in Earth Magic
  1699 | D:2      | Reached skill level 1 in Poison Magic
  1878 | D:3      | Reached XP level 5. HP: 37/37 MP: 12/12
  2503 | D:4      | Found a staircase to the Ecumenical Temple.
  2521 | D:4      | Gained mutation: Your mind is acute. (Int +4, Str/Dex -1)
                  | [potion of mutation]
  2521 | D:4      | Gained mutation: You have large cloven feet. [potion of
                  | mutation]
  2521 | D:4      | Gained mutation: You have hidden genetic potential. [potion
                  | of mutation]
  2521 | D:4      | HP: 1/32 [ball python (2)]
  2521 | D:4      | Slain by an orc wizard

Illustrated notes

Levels and vault maps discovered:
D:1:      nicolae_arrival_somewhat_less_tricky_arrival, layout_basic,
          chequers_serial_rivers_large_a, minmay_cut_off
D:2:      layout_basic
D:3:      layout_loops_cross, minmay_rat_hole
D:4:      layout_cave_pools, slow_altar_1, minmay_temple_entry_mist,
          minivault_14

Skill      XL: |  1  2  3  4 |
---------------+-------------+-----
Spellcasting   | 5 |  5.2
Invocations    | 1 |  1.9
Fighting       | 1 |  1.7
Short Blades   | 1 |  1.7
Long Blades    | 1 |  1.7
Axes           | 1 |  1.7
Maces & Flails | 1 |  1.7
Polearms       | 1 |  1.7
Staves         | 1 |  1.7
Ranged Weapons | 1 |  1.7
Throwing       | 1 |  1.7
Armour         | 1 |  1.7
Shields        | 1 |  1.7
Unarmed Combat | 1 |  1.7
Evocations     | 1 |  1.7
Shapeshifting  | 1 |  1.5
Hexes          | 1 |  1.3
Summonings     | 1 |  1.3
Necromancy     | 1 |  1.3
Translocations | 1 |  1.3
Transmutations | 1 |  1.3
Fire Magic     | 1 |  1.3
Ice Magic      | 1 |  1.3
Air Magic      | 1 |  1.3
Earth Magic    | 1 |  1.3
Poison Magic   | 1 |  1.3
Dodging        | |  4.9
Stealth        | |  4.5
Conjurations   | |  7.2

Action                     |  1- 3 |  4- 6 || total
---------------------------+-------+-------++-------
  Melee: Dagger            |    21 |    13 ||    34
         Bite              |     1 |     2 ||     3
         Sling             |       |     1 ||     1
   Fire: Sling             |       |    63 ||    63
   Cast: Magic Dart        |    56 |    11 ||    67
         Searing Ray       |     4 |     9 ||    13
         Kiss of Death     |     1 |     1 ||     2
    Use: Potion            |       |     2 ||     2
 Armour: Robe              |    16 |       ||    16
         Leather armour    |       |    52 ||    52
  Dodge: Dodged            |    26 |    44 ||    70
   Form: Beast             |       |     1 ||     1

Table legend: (Time is in decaauts)
 A = Elapsed time spent in this place.
 B = Non-inter-level travel time spent in this place.
 C = Inter-level travel time spent in this place.
 D = Time resting spent in this place.
 E = Time spent auto-exploring this place.
 F = Levels seen in this place.
 G = Mean time per level.
                   A        B        C        D        E       F      G
               +--------+--------+--------+--------+--------+-----+--------+
         Total |   2550 |   2447 |    103 |     79 |   1868 |   4 |  637.5 |
       Dungeon |   2550 |   2447 |    103 |     79 |   1868 |   4 |  637.5 |
               +--------+--------+--------+--------+--------+-----+--------+

Top non-repeatable levels by time:
     D:1: 1058 daAuts
     D:2: 757 daAuts
     D:3: 699 daAuts
     D:4: 35 daAuts
